 Dungeon Crawl Stone Soup version 0.31-a0-175-g9f7f995f2b (webtiles) character file.

Game seed: 9860378565433648149

2380 jasper the Vexing (level 9, -2/42 HPs)
             Began as a Spriggan Conjurer on June 16, 2023.
             Was a Priest of Sif Muna.
             Slain by a hornet (10 damage)
             ... while paralysed by a hornet
             ... on level 7 of the Dungeon.
             The game lasted 00:11:12 (9398 turns).

jasper the Vexing (Spriggan Conjurer)               Turns: 9398, Time: 00:11:12

Health: -2/42      AC:  8    Str:  3    XL:     9   Next: 22%
Magic:  1/14       EV:  4    Int: 24    God:    Sif Muna [***...]
Gold:   237        SH:  0    Dex: 13    Spells: 3/14 levels left

rFire   . . .        t - staff of conjuration
rCold   + . .        (shield currently unavailable)
rNeg    . . .        C - +0 steam dragon scales
rPois   .            l - +2 hat
rElec   .            b - +0 cloak
rCorr   +            (gloves unavailable)
SInv    +            (boots unavailable)
Will    ++...        (no amulet)
Stlth   +++          w - ring of protection from cold
HPRegen 0.27/turn    x - ring of resist corrosion
MPRegen 0.14/turn

%: no passive effects
@: paralysed, enlightened, flying, slowed, invisible, very quick
A: very small, no large weapons, unfitting armour, see invisible, speed 3
a: Renounce Religion, Channel Magic, Forget Spell


You were on level 7 of the Dungeon.
You worshipped Sif Muna.
Sif Muna was most pleased with you.
You visited 1 branch of the dungeon, and saw 7 of its levels.

You collected 438 gold pieces.
You spent 201 gold pieces at shops.

Inventory:

Hand Weapons
 d - a +0 heavy dagger
 h - a +0 short sword
 k - a +0 war axe
Missiles
 e - 86 stones
 i - 17 poisoned darts
Armour
 a - a +0 robe
 b - a +0 cloak (worn)
 l - a +2 hat (worn)
 C - +0 steam dragon scales (worn)
Magical Staves
 t - a staff of conjuration (weapon)
Jewellery
 w - a ring of protection from cold (left hand)
 x - a ring of resist corrosion (right hand)
 A - a +6 ring of intelligence
Scrolls
 o - 5 scrolls of blinking
 p - 2 scrolls of fog
 u - a scroll of immolation
 v - 3 scrolls of teleportation
 y - 3 scrolls of enchant armour
 B - 2 scrolls of identify
Potions
 c - 3 potions of mutation
 f - 2 potions of enlightenment
 g - 5 potions of attraction {unknown}
 j - 5 potions of heal wounds {unknown}
 m - 7 potions of curing
 n - a potion of brilliance {unknown}
 q - a potion of cancellation {unknown}
 r - a potion of invisibility
 s - a potion of might {unknown}
 z - 2 potions of lignification {unknown}


   Skills:
 + Level 2.1 Fighting
 + Level 4.5 Dodging
 + Level 5.3 Stealth
 - Level 3.0 Spellcasting
 - Level 7.0 Conjurations
 - Level 7.0 Hexes
 - Level 7.0 Translocations


You had 3 spell levels left.
You knew the following spells:

 Your Spells              Type           Power      Damage    Failure   Level
a - Magic Dart            Conj           100%       1d8       1%          1
b - Searing Ray           Conj           100%       2d8       1%          2
c - Fulminant Prism       Conj/Hex       27%        3d14      6%          4
d - Iskenderun's Mystic   Conj/Tloc      54%        2d12      6%          4

Your spell library contained the following spells:

 Spells                   Type           Power      Damage    Failure   Level
 Dazzling Flash           Conj/Hex       100%       N/A       1%          3
 Ozocubu's Armour         Ice            3%         N/A       32%         3
 Ozocubu's Refrigeration  Ice            1%         4d7       100%        7


Dungeon Overview and Level Annotations

Branches:
Dungeon (7/15)             Temple (0/1) D:4

Altars:
Nemelex Xobeh
Okawaru
Qazlal
Sif Muna
Trog
Xom
Yredelemnul
Zin

Shops:
D:3 *??(=   D:6 [

Annotations:
D:5 1 runed translucent door, Lance11888's ghost, novice OgFi
D:6 2 transporters


Innate Abilities, Weirdness & Mutations

You are very small and have problems with some larger weapons.
You are too small for most types of armour.
You have supernaturally acute eyesight. (SInv)
You cover ground extremely quickly. (Speed+++)


Message History

Aiming: Fulminant Prism (quite dangerous; 6% risk of failure)
Press: ? - help, Dir - move target You feel a surge of power!
You conjure a prism of explosive energy!
A fulminant prism comes into view.
The hornet misses you. The hornet stings you.
You feel yourself slow down.
You take 3 damage, and have 26/42 hp.
You now have 3/14 mp.
Casting: Fulminant Prism (quite dangerous; 6% risk of failure)
Confirm with . or Enter, or press ? or * to list all spells.
Aiming: Searing Ray (safe; 1% risk of failure)
Press: ? - help, Shift-Dir - straight line, f - fulminant prism
Aim: a fulminant prism (friendly, 100% to hit)
You feel a surge of power! Really fire at your fulminant prism?
Okay, then.
Casting: Searing Ray (safe; 1% risk of failure)
Confirm with . or Enter, or press ? or * to list all spells.
Aiming: Searing Ray (safe; 1% risk of failure)
Press: ? - help, Shift-Dir - straight line, f - hornet, p - fulminant prism
Aim: a hornet (unable to see you, ally target, 74% to hit)
You feel a surge of power!
The searing ray hits the hornet!
The hornet is moderately wounded. (Press . to maintain the ray.)
The hornet stings you!
You feel as though you will be slow longer.
Your fulminant prism crackles loudly.
The hornet misses you.
You take 7 damage, and have 19/42 hp.
You now have 1/14 mp.
The searing ray misses the hornet.
The hornet stings you!
* * * LOW HITPOINT WARNING * * *
You suddenly lose the ability to move!
Your fulminant prism explodes!
The blast of energy engulfs Prince Ribbit!!
You kill Prince Ribbit!
Sif Muna accepts your kill.
Prince Ribbit returns to his original shape as he dies.
The blast of energy engulfs the hornet!
The hornet is heavily wounded.
The hornet stings you!
You die...

.#....[...#......... ...
###.......##'###.#.###.#.#..#
#.......#......#.....#.#.(#
#..##...##.....#.._..#F...# .
##########...#.#.....#...§# .
##...#.#.###.#....#
+..............>.
#......#######.#
##...#@y..†...$#
#.........##### +...#######
#... ###


You could see a hornet (unable to see you).

Vanquished Creatures
  Prince Ribbit (D:7)
  A steam dragon (D:7)
  Edmund (D:5)
  2 water moccasins
  An orc warrior (D:6)
  A black bear (D:5)
  2 sky beasts
  2 ogres
  A centaur (D:5)
  A kobold brigand (D:4)
  A gnoll sergeant (D:5)
  2 bullfrogs (D:6)
  4 scorpions
  A jelly (D:6)
  7 hounds
  4 iguanas
  3 orc priests (D:6)
  2 gnoll boudas
  An orc wizard (D:6)
  11 gnolls
  7 adders
  A river rat (D:4)
  A white imp (D:5)
  2 worms (D:4)
  4 dart slugs
  14 orcs
  3 bats
  5 endoplasms
  6 giant cockroaches
  5 goblins
  3 hobgoblins
  2 jackals (D:3)
  11 kobolds
  4 quokkas
  10 ball pythons
  9 frilled lizards
  7 rats
143 creatures vanquished.

Vanquished Creatures (others)
  3 fulminant prisms (D:7)
3 creatures vanquished.

Grand Total: 146 creatures vanquished

Notes
Turn   | Place    | Note
-------+----------+-------------------------------------------
     0 | D:1      | jasper the Spriggan Conjurer began the quest for the Orb.
     0 | D:1      | Reached XP level 1. HP: 9/9 MP: 5/5
   256 | D:1      | Reached XP level 2. HP: 12/13 MP: 0/7
   262 | D:1      | Learned a level 2 spell: Searing Ray
   817 | D:1      | Found a faded altar of an unknown god.
   846 | D:1      | Prayed at the altar of an unknown god.
   846 | D:1      | Became a worshipper of Sif Muna the Loreminder
   846 | D:1      | Reached * piety under Sif Muna
   945 | D:1      | Reached XP level 3. HP: 16/16 MP: 6/8
  2827 | D:3      | Found Duenkiuh's Jewellery Shop.
  2856 | D:3      | Reached XP level 4. HP: 21/21 MP: 5/9
  2863 | D:3      | Learned a level 4 spell: Fulminant Prism
  2950 | D:3      | Found Eclattu's Magic Scroll Shoppe.
  2955 | D:3      | Bought a scroll of blinking for 90 gold pieces
  2955 | D:3      | Bought a scroll of fog for 48 gold pieces
  3146 | D:3      | Found Gaunygg's Antique Weapon Emporium.
  3263 | D:3      | Found Ciocs's Magic Scroll Shop.
  3413 | D:3      | Reached skill level 1 in Hexes
  3494 | D:3      | Reached ** piety under Sif Muna
  3524 | D:3      | Found Opaes's Assorted Antiques.
  3725 | D:3      | Found a shimmering altar of Xom.
  3726 | D:3      | Found a sparkling altar of Nemelex Xobeh.
  3820 | D:3      | Found a bloodstained altar of Trog.
  3854 | D:3      | Found an iron altar of Okawaru.
  3857 | D:3      | Found a glowing silver altar of Zin.
  4070 | D:4      | Found a staircase to the Ecumenical Temple.
  4454 | D:4      | Noticed a scorpion
  4459 | D:4      | Killed a scorpion
  4460 | D:4      | Reached XP level 5. HP: 24/24 MP: 2/10
  4670 | D:4      | Reached XP level 6. HP: 20/28 MP: 0/11
  4675 | D:4      | Learned a level 4 spell: Iskenderun's Mystic Blast
  5290 | D:5      | Entered Level 5 of the Dungeon
  5302 | D:5      | Noticed a sky beast
  5308 | D:5      | Killed a sky beast
  5309 | D:5      | Reached skill level 5 in Conjurations
  5480 | D:5      | Reached skill level 5 in Hexes
  5480 | D:5      | Reached XP level 7. HP: 30/32 MP: 1/12
  5988 | D:5      | Found a runed translucent door.
  5988 | D:5      | Noticed Lance11888's ghost (novice OgFi)
  6378 | D:5      | Noticed Edmund
  6394 | D:5      | Killed Edmund
  6395 | D:5      | Reached XP level 8. HP: 36/36 MP: 2/13
  6740 | D:6      | Reached *** piety under Sif Muna
  6862 | D:6      | Found a transporter.
  7354 | D:6      | Reached skill level 5 in Translocations
  7412 | D:6      | Noticed an animated storm dragon scales
  7414 | D:6      | Found Sohasch's Armour Shoppe.
  7416 | D:6      | Noticed an animated shadow dragon scales
  7787 | D:6      | Found a transporter.
  8012 | D:6      | Bought a +0 cloak for 63 gold pieces
  8176 | D:6      | Found a basalt altar of Yredelemnul.
  8417 | D:6      | Reached skill level 1 in Fighting
  8675 | D:7      | Reached XP level 9. HP: 41/41 MP: 5/14
  9107 | D:7      | Reached skill level 5 in Stealth
  9235 | D:7      | Found a shimmering blue altar of Sif Muna.
  9370 | D:7      | Found a stormy altar of Qazlal.
  9382 | D:7      | Noticed Prince Ribbit
  9398 | D:7      | Paralysed by a hornet for 2 turns
  9398 | D:7      | Killed Prince Ribbit
  9398 | D:7      | Slain by a hornet

Illustrated notes

Levels and vault maps discovered:
D:1:      zaba_arrival_water, layout_loops_corners,
          shapermc_ecumenical_altar_ellora, hangedman_decor_push,
          minmay_pentomino_q4
D:2:      layout_basic
D:3:      layout_loops_corners, nicolae_overflow_hidden_temple, trog_book,
          serial_shops, shop, nicolae_shop_tiny_waterfront, shop, shop, shop
D:4:      layout_loops_ring, minmay_temple_entry_junction,
          gup_sewer_entry_bubbles, kennysheep_big_empty_room,
          nicolae_nh_ransacked_shop
D:5:      layout_cave_pods, gammafunk_ghost_grave, kennysheep_small_square,
          uniq_edmund
D:6:      gammafunk_cloud_chamber, layout_loops_ring,
          mainiacjoe_overflow_alcove_2, serial_shops, nicolae_shop_mannequins,
          chequers_jeans, nicolae_the_louvre
D:7:      layout_gridville, amcnicky_altar_gilded,
          mainiacjoe_overflow_cross_hatched, nicolae_kite_square_tiling_tiny,
          eino_tiny_chamber, uniq_prince_ribbit1

Skill      XL: |  1  2  3  4  5  6  7  8  9 |
---------------+----------------------------+-----
Conjurations   | 3 4 5 6 7 |  7.0
Spellcasting   | 3 |  3.0
Hexes          | 2 3 5 6 7 |  7.0
Translocations | 2 7 |  7.0
Dodging        | 3 4 |  4.5
Fighting       | 1 2 |  2.1
Stealth        | 5 |  5.3

Action                     |  1- 3 |  4- 6 |  7- 9 || total
---------------------------+-------+-------+-------++-------
  Melee: Unarmed           |    16 |       |       ||    16
         Short sword       |     2 |       |       ||     2
         Staff             |       |     6 |     5 ||    11
   Cast: Magic Dart        |    83 |    68 |    93 ||   244
         Searing Ray       |     2 |    14 |    47 ||    63
         Fulminant Prism   |       |       |     3 ||     3
         Iskenderun's Myst |       |       |     2 ||     2
    Use: Scroll            |     2 |     4 |     2 ||     8
         Potion            |       |       |     3 ||     3
 Armour: Robe              |     2 |     4 |     3 ||     9
  Dodge: Dodged            |    24 |    15 |    40 ||    79

Table legend: (Time is in decaauts)
 A = Elapsed time spent in this place.
 B = Non-inter-level travel time spent in this place.
 C = Inter-level travel time spent in this place.
 D = Time resting spent in this place.
 E = Time spent auto-exploring this place.
 F = Levels seen in this place.
 G = Mean time per level.
                   A        B        C        D        E       F      G
               +--------+--------+--------+--------+--------+-----+--------+
         Total |   7318 |   7080 |    238 |    307 |   5952 |   7 | 1045.4 |
       Dungeon |   7318 |   7080 |    238 |    307 |   5952 |   7 | 1045.4 |
               +--------+--------+--------+--------+--------+-----+--------+

Top non-repeatable levels by time:
     D:6: 1387 daAuts
     D:5: 1310 daAuts
     D:1: 1146 daAuts
     D:4: 1030 daAuts
     D:3: 919 daAuts
     D:2: 901 daAuts
     D:7: 624 daAuts
